 Dungeon Crawl Stone Soup version 0.26.1-11-gd32895ea62 (webtiles) character file.

Game seed: 17081982233309756509

11 Zeld the Cudgeller (level 2, 0/25 HPs)
             Began as a Draconian Gladiator on June 14, 2021.
             Slain by Robin
             ... wielding a +0 whip
              (8 damage)
             ... on level 1 of the Dungeon.
             The game lasted 00:01:09 (1126 turns).

Zeld the Cudgeller (Draconian Gladiator)            Turns: 1126, Time: 00:01:09

Health: 0/25       AC:  5    Str: 16    XL:     2   Next: 13%
Magic:  2/2        EV: 13    Int:  8    God:
Gold:   69         SH:  0    Dex: 12    Spells: 1/1 levels left

rFire    . . .     SeeInvis .   a - +0 flail
rCold    . . .     Faith    .   (no shield)
rNeg     . . .     Spirit   .   (armour unavailable)
rPois    .         Reflect  .   b - +0 hat
rElec    .         Harm     .   (no cloak)
rCorr    .         Rampage  .   d - +0 pair of gloves
Will     .....                  (no boots)
Stlth    +.........             (no amulet)
HPRegen  0.08/turn              (no ring)
MPRegen  0.08/turn              (no ring)

@: no status effects
A: unfitting armour, cold-blooded, AC +4
a: no special abilities


You were on level 1 of the Dungeon.
You visited 1 branch of the dungeon, and saw 2 of its levels.

You collected 69 gold pieces.

Inventory:

Hand Weapons
 a - a +0 flail (weapon)
Missiles
 f - 79 stones
 l - 2 throwing nets (quivered)
Armour
 b - a +0 hat (worn)
 d - a +0 pair of gloves (worn)
Jewellery
 j - an uncursed ring of fire {unknown}
Scrolls
 e - a scroll of teleportation {unknown}
 h - a scroll of fear {unknown}
 i - a scroll of amnesia {unknown}
 k - a scroll of identify {unknown}
Potions
 c - a potion of degeneration {unknown}
 g - a potion of attraction {unknown}
 m - a potion of flight {unknown}
 n - a potion of curing {unknown}


   Skills:
 + Level 2.3 Fighting
 * Level 3.2 Maces & Flails
 * Level 2.1 Throwing
 + Level 2.8 Dodging


You had one spell level left.
You didn't know any spells.
Your spell library was empty.

Dungeon Overview and Level Annotations

Branches:
Dungeon (2/15)

Altars:

Annotations:
D:1 Robin


Innate Abilities, Weirdness & Mutations

Your plain brown scales are hard. (AC +4)
You cannot fit into any form of body armour.
You are cold-blooded and may be slowed by cold attacks.


Message History

Robin is heavily wounded.
Robin roars a battlecry!
The hobgoblin goes into a battle-frenzy!
Robin hits you with a +0 whip.
You barely miss Robin. You tail-slap Robin.
Robin is severely wounded.
The goblin no longer looks unusually strong.
Robin roars a battlecry!
The goblin goes into a battle-frenzy!
You barely miss Robin.
Robin is severely wounded.
Robin's horned helmet rattles.
Robin hits you with a +0 whip.
You hit Robin.
Robin is almost dead.
Robin barely misses you.
You barely miss Robin.
Robin is almost dead.
Robin hits you but does no damage. Robin hits you with a +0 whip!
You die...

#.#.# #.# ##..#...# #.#.# #.#
#..#.... #.#.##### #.# ###.#...#
##.......# #.# #.#.#....
#....###.## ######.###.#....##
##.........# #g..g.g)..).....#
.'.........## #g####.###.#.†..##
.#...#......# #g# #........>...
.#...#......# #@####.###.####...
.#...#......# #.##..............
.#...#......####.##.#.###.###....
.....##.......##..#.#.# #.# #....
..)...+.......'...#.#.###.# #....
.#[####.......###.#.#.....# #..##
.#.####......)# #.#.##.##.# #..#
............### #.#.##.##.###..##
.#.########.# #.#.##........[..


You could see Robin, a hobgoblin (strong) and a goblin (strong).

Vanquished Creatures
  A leopard gecko (D:1)
  A bat (D:1)
  A frilled lizard (D:1)
  3 goblins (D:1)
  2 kobolds (D:1)
  3 rats (D:1)
11 creatures vanquished.

Notes
Turn   | Place    | Note
-------+----------+-------------------------------------------
     0 | D:1      | Zeld the Draconian Gladiator began the quest for the Orb.
     0 | D:1      | Reached XP level 1. HP: 17/17 MP: 1/1
  1097 | D:2      | Noticed Robin
  1104 | D:1      | Reached XP level 2. HP: 13/24 MP: 2/2
  1126 | D:1      | Slain by Robin

Illustrated notes

Levels and vault maps discovered:
D:1:      saegor_arrival_simple_d, layout_basic, serial_park_tiny_pond
D:2:      layout_basic, chequers_ecumenical_altar_lobes, uniq_robin

Skill      XL: |  1 |
---------------+----+-----
Throwing       | 2 |  2.1
Fighting       | |  2.3
Maces & Flails | |  3.2
Dodging        | |  2.8

Action                   || total
-------------------------++-------
Melee: Flail             ||    30
       Tailslap          ||     4
Throw: Throwing net      ||     3
Armor: Skin              ||    19
Dodge: Dodged            ||    30
